 Dungeon Crawl Stone Soup version 0.31-a0-424-g41b3b0883d (webtiles) character file.

Game seed: 18373116370014157823

50 Morbidden the Shooter (level 4, -2/34 HPs)
             Began as a Formicid Hunter on July 29, 2023.
             Slain by Natasha (3 damage)
             ... on level 2 of the Dungeon.
             The game lasted 00:01:24 (1716 turns).

Morbidden the Shooter (Formicid Hunter)             Turns: 1716, Time: 00:01:25

Health: -2/34      AC:  4    Str: 16    XL:     4   Next: 4%
Magic:  4/4        EV: 12    Int:  8    God:
Gold:   135        SH:  0    Dex: 19    Spells: 3/3 levels left

rFire   . . .        a - +0 shortbow
rCold   . . .        (no shield)
rNeg    . . .        c - +1 leather armour
rPois   .            (helmet unavailable)
rElec   .            (no cloak)
rCorr   .            (no gloves)
SInv    +            (no boots)
Will    .....        (no amulet)
Stlth   ++           (no ring)
HPRegen 0.25/turn    (no ring)
MPRegen 0.09/turn

%: no passive effects
@: no status effects
A: permanent stasis, dig shafts and tunnels, antennae 3, four strong arms
a: Dig, Shaft Self


You were on level 2 of the Dungeon.
You visited 1 branch of the dungeon, and saw 3 of its levels.

You collected 135 gold pieces.

Inventory:

Hand Weapons
 a - a +0 shortbow (weapon)
Armour
 c - a +1 leather armour (worn)
Jewellery
 k - a ring of poison resistance
Scrolls
 b - 2 scrolls of butterflies
 e - a scroll of fog
 g - a scroll of teleportation {unknown}
 j - a scroll of revelation {unknown}
Potions
 d - a potion of lignification
 f - a potion of cancellation
 h - a potion of haste {unknown}
 i - a potion of enlightenment {unknown}


   Skills:
 * Level 2.3 Fighting
 * Level 5.2 Ranged Weapons
 * Level 0.4 Armour
 * Level 1.8 Dodging
 + Level 1.3 Stealth


You had 3 spell levels left.
You didn't know any spells.
Your spell library contained the following spells:

 Spells                   Type           Power      Damage    Failure   Level
 Poisonous Vapours        Pois/Air       0%         N/A       63%         2
 Mephitic Cloud           Conj/Pois/Air  0%         N/A       85%         3
 Freezing Cloud           Conj/Ice/Air   0%         6-21      100%        5


Dungeon Overview and Level Annotations

Branches:
Dungeon (3/15)

Altars:

Annotations:
D:2 Natasha


Innate Abilities, Weirdness & Mutations

You cannot be hasted, slowed, berserked, paralysed or teleported.
You can dig through walls and to a lower floor.
You have a pair of large antennae on your head. (SInv)
Your four strong arms can wield two-handed weapons with a shield.


Message History

Natasha is severely wounded.
Natasha misses you.
Fire: a) +0 shortbow
Press: ? - help, Q - select action, (/) - cycle Shift-Dir - straight line, f/p - Natasha
Aim: Natasha (severely wounded, 58% to hit)
You shoot an arrow. The arrow closely misses Natasha.
Natasha claws you but does no damage.
Unknown command.
Fire: a) +0 shortbow
Press: ? - help, Q - select action, (/) - cycle Shift-Dir - straight line, f/p - Natasha
Aim: Natasha (severely wounded, 58% to hit)
You shoot an arrow. The arrow misses Natasha.
Natasha barely misses you.
Fire: a) +0 shortbow
Press: ? - help, Q - select action, (/) - cycle Shift-Dir - straight line, f/p - Natasha
Aim: Natasha (severely wounded, 58% to hit)
You shoot an arrow. The arrow barely misses Natasha.
Natasha misses you.
Unknown command.
Fire: a) +0 shortbow
Press: ? - help, Q - select action, (/) - cycle Shift-Dir - straight line, f/p - Natasha
Aim: Natasha (severely wounded, 58% to hit)
You shoot an arrow. The arrow closely misses Natasha.
Natasha casts a spell at you. The magic dart hits you.
* * * LOW HITPOINT WARNING * * *
Fire: a) +0 shortbow
Press: ? - help, Q - select action, (/) - cycle Shift-Dir - straight line, f/p - Natasha
Aim: Natasha (severely wounded, 58% to hit)
You shoot an arrow.
The arrow hits Natasha but does no damage.
Natasha is severely wounded.
Natasha claws you.
* * * LOW HITPOINT WARNING * * *
Unknown command.
Unknown command.
Unknown command.
Unknown command.
It was a potion of cancellation.
You feel magically purged. Natasha claws you.
You die...

#.# #..#.#######..#.# #.#.
#.# #.............#.# #.#.
#.####.....######.#.#####.#.
#.................#.........
####.#.....##############.##
#.#....## #.# #.#.#.## #.#
#.#.#.######## #.#
#.#....h@....# #.##
#.###.######.# #... #.# #.#
#.# #### #.# #.# #.# #.# #.#
#.# #.# #.# #.# #.#
#.######.# ##.###......#.#
###...#######.#.#


You could see Natasha.

Vanquished Creatures
  An adder (D:2)
  3 ball pythons
  2 endoplasms
  2 giant cockroaches (D:2)
  3 goblins (D:2)
  5 hobgoblins
  7 kobolds
  A quokka (D:2)
  A bat (D:2)
  14 frilled lizards
  3 rats
42 creatures vanquished.

Notes
Turn   | Place    | Note
-------+----------+-------------------------------------------
     0 | D:1      | Morbidden the Formicid Hunter began the quest for the Orb.
     0 | D:1      | Reached XP level 1. HP: 16/16 MP: 1/1
    90 | D:1      | Reached XP level 2. HP: 13/22 MP: 2/2
   327 | D:1      | Found a faded altar of an unknown god.
   903 | D:2      | Reached XP level 3. HP: 28/28 MP: 3/3
  1135 | D:2      | Reached skill level 5 in Ranged Weapons
  1236 | D:2      | Reached XP level 4. HP: 33/34 MP: 4/4
  1694 | D:3      | Noticed Natasha
  1715 | D:2      | HP: 1/34 [Natasha (4)]
  1716 | D:2      | Slain by Natasha

Illustrated notes

Levels and vault maps discovered:
D:1:      saegor_arrival_simple_c, layout_basic, shapermc_ecumenical_altar_venn,
          minmay_lizard_king
D:2:      layout_loops_ring, nicolae_titane
D:3:      layout_rooms, uniq_natasha, uniq_terence, uniq_crazy_yiuf_cottage

Skill      XL: |  1  2  3 |
---------------+----------+-----
Ranged Weapons | 5 |  5.2
Fighting       | |  2.3
Armour         | |  0.4
Dodging        | |  1.8
Stealth        | |  1.3

Action                     |  1- 3 |  4- 6 || total
---------------------------+-------+-------++-------
   Fire: Shortbow          |   103 |    19 ||   122
Ability: Dig               |     1 |     7 ||     8
    Use: Scroll            |     4 |       ||     4
         Potion            |       |     1 ||     1
 Armour: Leather armour    |    24 |     1 ||    25
  Dodge: Dodged            |    44 |     9 ||    53

Table legend: (Time is in decaauts)
 A = Elapsed time spent in this place.
 B = Non-inter-level travel time spent in this place.
 C = Inter-level travel time spent in this place.
 D = Time resting spent in this place.
 E = Time spent auto-exploring this place.
 F = Levels seen in this place.
 G = Mean time per level.
                   A        B        C        D        E       F      G
               +--------+--------+--------+--------+--------+-----+--------+
         Total |   1740 |   1709 |     31 |    244 |   1220 |   3 |  580.0 |
       Dungeon |   1740 |   1709 |     31 |    244 |   1220 |   3 |  580.0 |
               +--------+--------+--------+--------+--------+-----+--------+

Top non-repeatable levels by time:
     D:1: 890 daAuts
     D:2: 841 daAuts
     D:3: 9 daAuts
